 Dungeon Crawl Stone Soup version 0.31-a0-210-gccc998df9b (webtiles) character file.

Game seed: 18213371771760573227

42 qw the Shooter (level 3, 0/29 HPs)
             Began as a Minotaur Hexslinger on June 29, 2023.
             Slain by an orc wizard
             ... wielding a +0 dagger
              (1 damage)
             ... on level 3 of the Dungeon.
             The game lasted 00:00:31 (1498 turns).

qw the Shooter (Minotaur Hexslinger)                Turns: 1498, Time: 00:00:32

Health: 0/29       AC:  3    Str: 12    XL:     3   Next: 33%
Magic:  3/3        EV: 12    Int: 10    God:
Gold:   97         SH:  0    Dex: 14    Spells: 3/4 levels left

rFire   . . .        Y - +1 sling
rCold   . . .        (no shield)
rNeg    . . .        g - +0 leather armour
rPois   .            (helmet restricted)
rElec   .            (no cloak)
rCorr   .            (no gloves)
SInv    .            (no boots)
Will    .....        (no amulet)
Stlth   +            (no ring)
HPRegen 0.24/turn    (no ring)
MPRegen 0.08/turn

%: no passive effects
@: no status effects
A: horns 2, retaliatory headbutt
a: no special abilities


You were on level 3 of the Dungeon.
You visited 1 branch of the dungeon, and saw 3 of its levels.

You collected 97 gold pieces.


Innate Abilities, Weirdness & Mutations

You have a pair of horns on your head.
You reflexively headbutt those who attack you in melee.


   Skills:
 - Level 2.0 Fighting
 + Level 3.9 Ranged Weapons
 - Level 2.1 Dodging
 - Level 1.0 Spellcasting
 - Level 2.0 Hexes


You had 3 spell levels left.
You knew the following spells:

 Your Spells              Type           Power      Damage    Failure   Level
a - Slow                  Hex            16%        N/A       19%         1

Your spell library contained the following spells:

 Spells                   Type           Power      Damage    Failure   Level
 Inner Flame              Hex/Fire       2%         N/A       65%         3
 Portal Projectile        Hex/Tloc       4%         N/A       65%         3
 Cause Fear               Hex            2%         N/A       88%         4

Inventory:

Hand Weapons
 Y - a +1 sling (weapon)
Armour
 c - a +0 ring mail
 g - a +0 leather armour (worn)
Scrolls
 h - a scroll of enchant weapon {unknown}
Potions
 a - a potion of resistance {unknown}
 b - 2 potions of attraction {unknown}
 d - a potion of curing {unknown}
 e - 2 potions of degeneration {unknown}
 f - a potion of heal wounds {unknown}

Dungeon Overview and Level Annotations

Branches:
Dungeon (3/15)

Altars:
Yredelemnul

Shops:
D:3 (*


Message History

The orc wizard is moderately wounded.
The orc wizard casts a spell at you. The puff of flame hits you.
You shoot a sling bullet. The sling bullet misses the orc wizard.
You shoot a sling bullet.
The sling bullet hits the orc wizard but does no damage.
The orc wizard is moderately wounded.
You shoot a sling bullet. The sling bullet hits the orc wizard.
The orc wizard is severely wounded.
The orc wizard casts a spell.
The orc wizard flickers and vanishes!
Deactivating autopickup; reactivate with Ctrl-A.
You shoot a sling bullet. You shoot a sling bullet. Something hits you.
Something hits you but does no damage.
You shoot a sling bullet. Something hits you.
You shoot a sling bullet. Something hits you but does no damage.
You shoot a sling bullet. Something hits you.
You shoot a sling bullet. Something hits you.
You hear some strange, mumbled words.
Something tries to affect you, but you resist.
You shoot a sling bullet. Something hits you.
You shoot a sling bullet. Something hits you.
You shoot a sling bullet. Something hits you.
You shoot a sling bullet.
You hear some strange, mumbled words.
A puff of flame appears from out of thin air!
The puff of flame hits you. Something completely misses you.
You shoot a sling bullet. Something hits you.
You shoot a sling bullet. Something hits you.
You die...

#.......#.....#####.########
#......7#.....>.......).....
#...##.'.............#######
#########.............#
..............##'######
###..............#
#..............#
#............{.#
###########.##@#
#........########
#.###.#.........#
#.#...#.#######.# #.#.###.#
#.# #.#.# #.# #.# #.#.# #.#
#.# #.#.###.# #.#
#.#.....#######'###


There were no monsters in sight!

Vanquished Creatures
  A dart slug (D:1)
  2 endoplasms
  3 giant cockroaches
  4 goblins
  3 hobgoblins
  6 kobolds
  2 quokkas (D:3)
  4 ball pythons
  3 bats
  A frilled lizard (D:2)
  7 rats
36 creatures vanquished.

Notes
Turn   | Place    | Note
-------+----------+-------------------------------------------
     0 | D:1      | qw the Minotaur Hexslinger began the quest for the Orb.
     0 | D:1      | Reached XP level 1. HP: 16/16 MP: 1/1
     0 | D:1      | 0 ||| qw: Version: 0.3-a-24-ga2abf7b
     0 | D:1      | 0 ||| qw: Game counter: 6788
     0 | D:1      | 0 ||| qw: Melee chars always use a shield: true
     0 | D:1      | 0 ||| qw: God list: Okawaru
     0 | D:1      | 0 ||| qw: Allow faded altars: false
     0 | D:1      | 0 ||| qw: Do Orc after clearing Dungeon:15 true
     0 | D:1      | 0 ||| qw: Do second Lair branch before Depths: true
     0 | D:1      | 0 ||| qw: Lair rune preference: random
     0 | D:1      | 0 ||| qw: Goals: Normal
     0 | D:1      | 0 ||| PLANNING D:1-11
   184 | D:1      | Found a faded altar of an unknown god.
   217 | D:1      | Reached skill level 3 in Ranged Weapons
   267 | D:1      | 267 ||| READING scroll labelled ANISHA ERIOS.
   268 | D:1      | 268 ||| READING scroll labelled KEVVAA ORUUP.
   274 | D:1      | Reached XP level 2. HP: 23/23 MP: 2/2
   285 | D:1      | 285 ||| READING scroll labelled UNYJOO WANACUI.
   286 | D:1      | 286 ||| READING scroll labelled DED DYARCHI.
   566 | D:1      | 566 ||| READING scroll labelled DIT ESCHULEYSOE.
   567 | D:1      | 567 ||| DROPPING scroll of poison.
   619 | D:2      | Found a basalt altar of Yredelemnul.
   854 | D:2      | Reached XP level 3. HP: 29/29 MP: 3/3
  1231 | D:2      | 1231 ||| UPGRADING to +0 leather armour.
  1241 | D:2      | 1241 ||| DROPPING +0 robe.
  1242 | D:2      | 1242 ||| READING scroll labelled RUOHA YL EDIU.
  1286 | D:3      | Found Ythismank's Antique Weapon Shop.
  1298 | D:3      | 1298 ||| SHOPLISTING shortbow (84 gold, have 83).
  1314 | D:3      | Found a basalt altar of Yredelemnul.
  1407 | D:3      | Found Nof Cibu's General Store.
  1415 | D:3      | 1415 ||| SHOPLISTING +6 ring of strength (468 gold, have
                  | 83).
  1415 | D:3      | 1415 ||| SHOPLISTING 2 scrolls of acquirement (1352 gold,
                  | have 83).
  1415 | D:3      | 1415 ||| SHOPLISTING potion of mutation (104 gold, have
                  | 83).
  1415 | D:3      | 1415 ||| SHOPLISTING ring "Tyoreh Qoaw" {Wiz +Blink Str-4
                  | Slay+2} (572 gold, have 83).
  1415 | D:3      | 1415 ||| SHOPLISTING scroll of enchant armour (97 gold,
                  | have 83).
  1495 | D:3      | HP: 6/29 [something (2)]
  1496 | D:3      | HP: 2/29 [something/puff of flame (5)]
  1498 | D:3      | Slain by an orc wizard

Levels and vault maps discovered:
D:1:      evilmike_arrival_crescent, layout_basic,
          chequers_ecumenical_altar_simple_redux, minmay_strange_pillars
D:2:      layout_loops_ring, basic_altar
D:3:      layout_basic, mainiacjoe_overflow_alcove_2,
          nicolae_overflow_crystal_walls, serial_shops, shop, shop,
          nicolae_shop_pleasant_corner_grove, shop

Skill      XL: |  1  2 |
---------------+-------+-----
Ranged Weapons | 3 |  3.9
Fighting       | 2 |  2.0
Dodging        | |  2.1
Spellcasting   | |  1.0
Hexes          | |  2.0

Action                     || total
---------------------------++-------
   Fire: Sling             ||   108
    Use: Scroll            ||     6
 Armour: Robe              ||     2
         Leather armour    ||     2
  Dodge: Dodged            ||     9

Table legend:
 A = Non-vault XP
 B = Vault XP
 C = Vault XP percentage of total XP
 D = Non-vault monster count
 E = Vault monster count
 F = Vault count percentage of total count
                 A         B        C        D         E       F
            +---------+---------+-------+---------+---------+-------
      Total |      60 |       0 |   0.0 |      36 |       0 |   0.0
            +---------+---------+-------+---------+---------+-------
        D:1 |      23 |       0 |   0.0 |      13 |       0 |   0.0
        D:2 |      27 |       0 |   0.0 |      17 |       0 |   0.0
        D:3 |      10 |       0 |   0.0 |       6 |       0 |   0.0
            +---------+---------+-------+---------+---------+-------
